 Dungeon Crawl Stone Soup version 0.22-a0-281-g2e20325899 (webtiles) character file.

202244 Manul the Brawler (level 17, -1/193 HPs)
             Began as a Demonspawn Fighter on Mar 17, 2018.
             Was an Initiate of Gozag.
             Succumbed to a redback's poison
             ... on level 4 of the Spider Nest.
             The game lasted 01:02:04 (41665 turns).

Manul the Brawler (Demonspawn Fighter)             Turns: 41665, Time: 01:02:04

Health: -1/193     AC: 18    Str: 26    XL:     17   Next: 94%
Magic:  7/18       EV: 30    Int: 12    God:    Gozag
Gold:   6052       SH: 18    Dex: 19    Spells: 16/16 levels left

rFire    + . .     SeeInvis .     - Unarmed
rCold    + . .     Gourm    .   s - +4 shield of the Snake Pit {*Contam rC+ Dex+2 Slay+3}
rNeg     + . .     Faith    .   T - +2 steam dragon scales
rPois    .         Spirit   +   L - +1 helmet
rElec    +         Reflect  .   M - +1 cloak {rF+}
rCorr    .         Harm     .   q - +2 pair of gloves of the Last Moons {rElec}
MR       +....                  (boots unavailable)
Stlth    ..........             B - amulet of magic regeneration
HPRegen  0.42/turn              J - ring of Phasing {EV+8}
MPRegen  0.57/turn              f - ring of Kaac {+Fly rN+ Slay+2}

@: berserking (expiring), lethally poisoned (-1 -> -19), gold aura, very quick
A: talons 3, thin skeletal structure 2, nightstalker 2, magic shield, magic
regeneration, no potion heal 1
}: 1/15 runes: decaying
a: Potion Petition, Call Merchant, Bribe Branch, Renounce Religion, Evoke Flight


You were on level 4 of the Spider Nest.
You worshipped Gozag.
Gozag was greatly pleased with you.
You were not hungry.

You visited 7 branches of the dungeon, and saw 33 of its levels.
You also visited: Sewer and Volcano.

You collected 12792 gold pieces.
You spent 2123 gold pieces at shops.
You paid 4617 gold pieces to Gozag.

Inventory:

Hand Weapons
 v - the +7 demon blade of Resourcefulness {venom, MR+ Str-4 Int+2, unknown}
   (You found it on level 4 of the Swamp)

   It poisons the flesh of those it strikes.
   It affects your strength (-4).
   It affects your intelligence (+2).
   It affects your resistance to hostile enchantments.
Armour
 q - the +2 pair of gloves of the Last Moons (worn) {rElec}
   (You acquired it on level 2 of the Orcish Mines)

   It insulates you from electricity.
 s - the +4 shield of the Snake Pit (worn) {*Contam rC+ Dex+2 Slay+3}
   (You found it on level 8 of the Dungeon)

   It affects your dexterity (+2).
   It affects your accuracy and damage with ranged weapons and melee attacks
   (+3).
   It protects you from cold.
   It causes magical contamination when unequipped.
 E - a +2 hat
 G - a +4 scale mail
 L - a +1 helmet (worn)
 M - a +1 cloak of fire resistance (worn)
 T - +2 steam dragon scales (worn)
Jewellery
 f - the ring of Kaac (right hand) {+Fly rN+ Slay+2}
   (You bought it in a shop on level 9 of the Dungeon)

   [ring of flight]

   It affects your accuracy and damage with ranged weapons and melee attacks
   (+2).
   It protects you from negative energy.
   It lets you fly.
 o - an uncursed ring of protection from fire
 B - an amulet of magic regeneration (around neck)
 H - the ring of Koggupte {+Blink +Fly rElec rC+ Stlth+}
   (You took it off a green draconian on level 4 of the Swamp)

   [ring of flight]

   It protects you from cold.
   It insulates you from electricity.
   It lets you fly.
   It lets you blink.
   It makes you more stealthy.
 J - the ring of Phasing (left hand) {EV+8}
   (You bought it in a shop on level 11 of the Dungeon)

   [ring of evasion]

   It affects your evasion (+8).
 O - a +2 ring of evasion {unknown}
 W - an uncursed ring of fire {unknown}
Wands
 c - a wand of digging (16)
 j - a wand of scattershot (2)
 l - a wand of iceblast (10)
 p - a wand of random effects (96)
 x - a wand of acid (14)
 y - a wand of disintegration (30)
 A - a wand of paralysis (32)
 C - a wand of flame (70)
 F - a wand of enslavement (22)
 X - a wand of polymorph (6)
Scrolls
 b - 2 scrolls of fog
 g - 13 scrolls of remove curse
 h - 10 scrolls of fear
 i - 2 scrolls of identify
 k - 3 scrolls of teleportation
 R - a scroll of blinking
 V - a scroll of vulnerability
Potions
 a - a potion of ambrosia
 e - 3 potions of brilliance
 m - 5 potions of agility
 n - 7 potions of curing
 r - 5 potions of lignification
 t - 2 potions of magic
 u - 4 potions of haste
 w - 2 potions of heal wounds
 z - 3 potions of resistance
 D - a potion of cancellation
 N - 4 potions of flight
 P - a potion of might
Miscellaneous
 U - a fan of gales
Comestibles
 d - 27 rations


   Skills:
 * Level 10.6 Fighting
 + Level 11.8 Armour
 + Level 12.2 Dodging
 - Level 3.7 Stealth
 + Level 12.7 Shields
 + Level 19.0 Unarmed Combat
 + Level 1.6 Evocations


You had 16 spell levels left.
You didn't know any spells.

Dungeon Overview and Level Annotations

Branches:
Dungeon (15/15)            Temple (1/1) D:5            Lair (6/6) D:8
  Swamp (4/4) Lair:4       Spider (4/4) Lair:2        Slime (1/5) Lair:5
    Orc (2/2) D:11            Elf (0/3) Orc:2        Vaults (0/5) D:13
 Depths (0/5) D:15

Altars:
Cheibriados
Dithmenos
Elyvilon
Fedhas
Gozag
Makhleb
Nemelex Xobeh
Sif Muna
Trog
Uskayaw
Vehumet
Wu Jian
Xom
Beogh

Shops:
D:4 (   D:9 =   D:11 *=   D:15 [   Orc:2 [[((

Annotations:
Lair:3 exclusion: oklob plant
Lair:4 exclusion: 3 oklob plants
Swamp:4 Aizul, Bai Suzhen


Innate Abilities, Weirdness & Mutations

You have claws for feet.
You have a moderately thin skeletal structure. (Dex +4, Stealth+)
You are significantly more attuned to the shadows.
When hurt, damage is shared between your health and your magic reserves.
You regenerate magic rapidly.
Potions are less effective at restoring your health.


Message History

You kill the redback!
* * * LOW HITPOINT WARNING * * *
You feel sick. You block the redback's attack.
You pummel the redback!!
You kill the redback!
* * * LOW HITPOINT WARNING * * *
You feel sick.
* * * LOW HITPOINT WARNING * * *
You feel sick.
You see here 3 gold pieces.
You feel a strong urge to attack something.
* * * LOW HITPOINT WARNING * * *
You feel sick. You block the jumping spider's attack.
The jumping spider completely misses you.
You pound the jumping spider into fine dust!!!
You kill the jumping spider!
* * * LOW HITPOINT WARNING * * *
You feel sick.
You die...
Your body crumbles into a pile of gold.

#....^###### #...^##
#.....##
#...#..#######
#........#...#
#........^..##
##....#......##
#..#..........## #
#.....#^.@..$.^###.#
##.......^.$$$.#..^#.
######^#..$$$.......
###..##$$$.....
#^#..$$$......
##...#........
....##.......
.^........#..# #..
...[...


There were no monsters in sight!

Vanquished Creatures
  Saint Roka (Orc:2)
  Agnes (D:15)
  2 thorn hunters
  A fire giant (D:15)
  A ghost moth (Spider:3)
  2 emperor scorpions (Spider:2)
  Nessos (D:12)
  3 entropy weavers (Spider:2)
  Azrael (Spider:1)
  2 green draconians (Swamp:4)
  A spark wasp (Spider:4)
  Snorg (Lair:3)
  A fire dragon (Lair:6)
  Josephine (D:11)
  Harold (Lair:2)
  2 vault guards
  25 hydras
  Erolcha (D:10)
  A ghost crab (Swamp:3)
  2 catoblepae
  6 alligators
  A tengu warrior (D:13)
  2 centaur warriors (D:15)
  8 two-headed ogres
  2 orc high priests (Orc:2)
  A sun demon (Volcano)
  Urug (D:12)
  A hell knight (Volcano)
  The ghost of dricus the Insei, a novice GnTm (D:7)
  2 spriggan druids
  2 unseen horrors (D:10)
  A wizard (D:13)
  15 swamp dragons
  2 necromancers (D:13)
  16 orb spiders
  2 deep elf magi (D:13)
  2 shambling mangroves
  5 orc sorcerers (Orc:2)
  6 ugly things
  6 orc knights
  25 wolf spiders
  A cyclops (D:12)
  3 manticores
  3 moths of wrath
  13 elephants (Lair:6)
  A centaur zombie (D:14)
  4 black mambas
  8 spiny frogs
  Psyche (D:8)
  5 centaur skeletons
  3 gargoyles
  2 yaktaurs (D:13)
  A kobold demonologist (D:15)
  4 rime drakes
  10 komodo dragons
  An efreet (D:15)
  13 demonic crawlers
  10 trolls
  2 red devils (Volcano)
  A troll (shapeshifter) (D:15)
  5 tyrant leeches
  28 jumping spiders
  A queen bee (D:8)
  A raiju (Lair:6)
  15 hornets
  14 polar bears
  25 blink frogs
  8 bog bodies
  12 slime creatures
  4 hippogriffs
  4 dream sheep (Lair:5)
  2 shadows
  79 redbacks
  3 spriggans
  40 tarantellas
  The ghost of mora the Charlatan, an amateur DDAr (D:3)
  17 humans (D:13)
  5 wyverns
  6 wraiths
  45 yaks
  A water elemental (D:11)
  Grum (D:7)
  2 basilisks
  A fire elemental (Spider:1)
  3 steam dragons
  Edmund (D:4)
  3 hungry ghosts
  17 vampire mosquitoes
  7 wargs
  8 swamp worms
  An acid dragon (Lair:6)
  22 hell hounds
  3 insubstantial wisps (Swamp:3)
  18 black bears
  6 porcupines
  4 water moccasins
  3 ice beasts
  15 swamp drakes
  3 sky beasts
  A hornet zombie (D:10)
  42 orc warriors
  2 phantoms
  An eye of draining (D:14)
  8 ogres
  12 centaurs
  25 wolves
  12 crocodiles
  5 big kobolds
  17 bullfrogs
  8 scorpions
  21 killer bees
  26 wights
  5 electric eels
  6 howler monkeys
  6 crimson imps
  2 bullfrog zombies
  A quasit (D:15)
  13 hounds
  3 jellies
  24 orc priests
  37 orc wizards
  2 bullfrog skeletons
  10 iguanas
  10 worker ants
  2 hound zombies
  A hound skeleton (D:4)
  Robin (D:4)
  A worker ant zombie (D:10)
  8 gnolls
  A howler monkey skeleton (D:5)
  15 adders
  4 river rats (Sewer)
  A shadow imp (D:9)
  2 oozes
  3 adder skeletons
  7 worms
  A dart slug (D:1)
  7 leopard geckos
  158 orcs
  10 bats
  5 giant cockroaches
  12 goblins
  6 hobgoblins
  14 jackals
  34 kobolds
  5 quokkas
  2 ball pythons (Sewer)
  7 frilled lizards
  A jackal skeleton (D:6)
  2 leopard gecko skeletons
  A quokka skeleton (D:8)
  35 rats
  A fungus (Lair:6)
1324 creatures vanquished.

Vanquished Creatures (collateral kills)
  The ghost of Manul the Covert, a journeyman DsAs of Gozag (D:12)
  A wolf spider (Spider:2)
  A tarantella (Spider:2)
  A shadow imp (D:12)
4 creatures vanquished.

Vanquished Creatures (others)
  3 insubstantial wisps (Swamp:3)
  A hornet simulacrum (D:15)
  A killer bee (D:11)
  An orc wizard (Orc:2)
  28 bushes (D:12)
  A fire vortex (Lair:4)
  17 fungi (D:8)
  17 plants
69 creatures vanquished.

Grand Total: 1397 creatures vanquished

Notes
Turn   | Place    | Note
-------+----------+-------------------------------------------
     0 | D:1      | Manul the Demonspawn Fighter began the quest for the Orb.
     0 | D:1      | Reached XP level 1. HP: 18/18 MP: 1/1
    84 | D:1      | Gained mutation: You have sharp toenails. [demonic ancestry]
    84 | D:1      | Reached XP level 2. HP: 18/24 MP: 2/2
   181 | D:1      | Reached skill level 2 in Unarmed Combat
   611 | D:2      | Found a faded altar of an unknown god.
   631 | D:2      | Reached XP level 3. HP: 19/29 MP: 3/3
  1634 | D:3      | Gained mutation: When hurt, damage is shared between your health and your magic reserves. [demonic ancestry]
  1634 | D:3      | Reached XP level 4. HP: 35/35 MP: 4/4
  1674 | D:3      | Found a burning altar of Makhleb.
  1675 | D:3      | Found a radiant altar of Vehumet.
  1779 | D:3      | Noticed mora's ghost (amateur DDAr)
  2035 | D:2      | Reached skill level 3 in Unarmed Combat
  2560 | D:3      | Gained mutation: You have razor-sharp toenails. [demonic ancestry]
  2560 | D:3      | Reached XP level 5. HP: 17/42 MP: 3/5
  2899 | D:3      | Killed mora's ghost
  2899 | D:3      | Gained mutation: You have a somewhat thin skeletal structure. (Dex +2, Stealth) [demonic ancestry]
  2899 | D:3      | Reached XP level 6. HP: 15/48 MP: 3/6
  3444 | D:4      | Reached skill level 4 in Unarmed Combat
  3616 | D:4      | Noticed Edmund
  3655 | D:4      | Killed Edmund
  3655 | D:4      | Reached skill level 1 in Dodging
  3655 | D:4      | Gained mutation: You are slightly more attuned to the shadows. [demonic ancestry]
  3655 | D:4      | Reached XP level 7. HP: 42/53 MP: 4/7
  3712 | D:4      | Found Kixesch's Weapon Shoppe.
  3722 | D:4      | Noticed Robin
  3887 | D:4      | Killed Robin
  4038 | D:4      | Found a hide-covered altar of Uskayaw.
  4287 | D:4      | Noticed a moth of wrath
  4319 | D:4      | Found a bloodstained altar of Trog.
  4428 | D:5      | Entered Level 5 of the Dungeon
  4530 | D:5      | Reached skill level 5 in Unarmed Combat
  4587 | D:5      | Found a glowing drain.
  4593 | Sewer    | Entered a sewer
  4647 | Sewer    | Reached skill level 5 in Shields
  5333 | Sewer    | Gained mutation: You are significantly more attuned to the shadows. [demonic ancestry]
  5333 | Sewer    | Reached XP level 8. HP: 60/60 MP: 8/8
  5842 | D:5      | Found a staircase to the Ecumenical Temple.
  5868 | D:5      | Found a shadowy altar of Dithmenos.
  5884 | Temple   | Entered the Ecumenical Temple
  5931 | Temple   | Became a worshipper of Gozag Ym Sagoz the Greedy
  6112 | D:5      | Reached skill level 5 in Armour
  6288 | D:6      | Reached skill level 6 in Unarmed Combat
  6441 | D:6      | Found a shimmering altar of Xom.
  6442 | D:6      | Found a shimmering altar of Xom.
  6442 | D:6      | Found a shimmering altar of Xom.
  6442 | D:6      | Found a shimmering altar of Xom.
  6443 | D:6      | Found a shimmering altar of Xom.
  6445 | D:6      | Found a shimmering altar of Xom.
  6452 | D:6      | Reached skill level 1 in Stealth
  6908 | D:6      | Gained mutation: You have a moderately thin skeletal structure. (Dex +4, Stealth+) [demonic ancestry]
  6908 | D:6      | Reached XP level 9. HP: 53/65 MP: 5/9
  7299 | D:7      | Noticed dricus's ghost (novice GnTm)
  7325 | D:7      | Killed dricus's ghost
  7325 | D:7      | Reached skill level 5 in Dodging
  8341 | D:8      | Noticed Psyche
  8361 | D:8      | Noticed a queen bee
  8367 | D:8      | Reached skill level 5 in Fighting
  8376 | D:8      | Noticed Grum
  8721 | D:8      | Got a dazzling shield
  8727 | D:8      | Reached XP level 10. HP: 42/74 MP: 10/10
  8738 | D:8      | Identified the +4 shield of the Snake Pit {*Contam rC+ Dex+2 Slay+3} (You found it on level 8 of the Dungeon)
  9241 | D:8      | Noticed a two-headed ogre
  9314 | D:8      | Killed Psyche
  9509 | D:8      | Killed a two-headed ogre
  9578 | D:8      | Found a staircase to the Lair.
  9912 | D:7      | Killed Grum
 10271 | D:8      | Found a shadowy altar of Dithmenos.
 10393 | D:8      | Found an ornate altar of the Wu Jian Council.
 10706 | D:9      | Bought the ring of Kaac {+Fly rN+ Slay+2} for 371 gold pieces
 11062 | D:9      | Reached XP level 11. HP: 61/81 MP: 11/11
 11256 | D:10     | Entered Level 10 of the Dungeon
 11320 | D:10     | Killed an unseen horror
 11320 | D:10     | Reached skill level 7 in Unarmed Combat
 11349 | D:10     | Noticed Erolcha
 11356 | D:10     | Killed Erolcha
 11634 | D:10     | Killed an unseen horror
 11784 | D:10     | Reached skill level 8 in Unarmed Combat
 12082 | D:10     | Noticed a two-headed ogre
 12102 | D:10     | Killed a two-headed ogre
 12473 | D:10     | Noticed a two-headed ogre
 12496 | D:10     | Killed a two-headed ogre
 12903 | D:11     | Reached skill level 9 in Unarmed Combat
 13782 | D:11     | Reached XP level 12. HP: 83/88 MP: 12/12
 13788 | D:11     | Reached skill level 10 in Unarmed Combat
 13791 | D:11     | Noticed Josephine
 13805 | D:11     | Killed Josephine
 13864 | D:11     | Found a staircase to the Orcish Mines.
 14204 | D:12     | Noticed a five-headed hydra
 14209 | D:12     | Killed a five-headed hydra
 14357 | D:12     | Noticed Nessos
 14358 | D:12     | Reached skill level 11 in Unarmed Combat
 14375 | D:12     | Killed Nessos
 14464 | D:12     | Noticed Urug
 14472 | D:12     | Killed Urug
 14593 | D:12     | Reached skill level 1 in Evocations
 14907 | D:12     | Noticed Manul's ghost (journeyman DsAs)
 14968 | D:12     | Killed Manul's ghost
 15101 | D:12     | Noticed a two-headed ogre
 15107 | D:12     | Killed a two-headed ogre
 15571 | D:12     | Reached skill level 12 in Unarmed Combat
 15743 | D:11     | Noticed a two-headed ogre
 15751 | D:11     | Killed a two-headed ogre
 15783 | Orc:1    | Entered Level 1 of the Orcish Mines
 15818 | Orc:2    | Entered Level 2 of the Orcish Mines
 15818 | Orc:2    | Found a staircase to the Elven Halls.
 15841 | Orc:2    | Reached skill level 10 in Dodging
 16006 | Orc:2    | Reached skill level 10 in Armour
 16561 | Orc:2    | Found a roughly hewn altar of Beogh.
 16793 | Orc:2    | Noticed an orc high priest
 16819 | Orc:2    | Reached XP level 13. HP: 46/95 MP: 5/13
 17327 | Orc:2    | Found a roughly hewn altar of Beogh.
 17334 | Orc:2    | Found Zulyuwin's Antique Weapon Emporium.
 17334 | Orc:2    | Found a roughly hewn altar of Beogh.
 17335 | Orc:2    | Noticed Saint Roka
 17837 | D:13     | Found a snail-covered altar of Cheibriados.
 18166 | D:13     | Reached skill level 13 in Unarmed Combat
 18366 | D:13     | Found a gate to the Vaults.
 18492 | Orc:2    | Found a roughly hewn altar of Beogh.
 18510 | Orc:2    | Identified a scroll of acquirement
 18514 | Orc:2    | Got a pair of slimy gloves
 18525 | Orc:2    | Identified the +2 pair of gloves of the Last Moons {rElec} (You acquired it on level 2 of the Orcish Mines)
 18609 | Orc:2    | Found a roughly hewn altar of Beogh.
 19214 | Lair:1   | Entered Level 1 of the Lair of Beasts
 20115 | Lair:2   | Noticed Harold
 20122 | Lair:2   | Killed Harold
 20649 | Lair:2   | Found a hole to the Spider Nest.
 21088 | Lair:3   | Reached skill level 14 in Unarmed Combat
 21400 | Lair:3   | Reached XP level 14. HP: 101/101 MP: 14/14
 21663 | Lair:3   | Noticed Snorg
 21690 | Lair:3   | Killed Snorg
 22323 | Lair:4   | Found a staircase to the Swamp.
 22885 | Lair:5   | Found a staircase to the Slime Pits.
 23337 | Lair:5   | Found an opulent altar of Gozag.
 23745 | Lair:6   | Entered Level 6 of the Lair of Beasts
 23822 | Lair:6   | Got an encrusted leather armour
 23833 | Lair:6   | Identified the +0 leather armour of Love and Death {Dex+3} (You found it on level 6 of the Lair of Beasts)
 24083 | Lair:6   | Found a dark tunnel.
 24132 | Volcano  | Entered a volcano
 24161 | Volcano  | Reached skill level 15 in Unarmed Combat
 25252 | Orc:2    | Killed Saint Roka
 25425 | Orc:2    | Found a roughly hewn altar of Beogh.
 25445 | Orc:2    | Found Lauk's Antique Weapon Boutique.
 25799 | Orc:2    | Found Qoimipic's Antique Armour Shoppe.
 25850 | Orc:2    | Gained mutation: Potions are less effective at restoring your health. [a neqoxec]
 25856 | Orc:2    | Gained mutation: You have claws for feet. [demonic ancestry]
 25856 | Orc:2    | Reached XP level 15. HP: 90/108 MP: 14/16
 25958 | Orc:2    | Found a roughly hewn altar of Beogh.
 25990 | Orc:2    | Found Qobiob's Antique Armour Shop.
 26982 | D:11     | Bought the ring of Phasing {EV+8} for 1536 gold pieces
 26982 | D:11     | Found the ring of Phasing {EV+8}
 27317 | Lair:6   | Reached skill level 16 in Unarmed Combat
 28014 | Lair:6   | Reached skill level 10 in Shields
 29411 | D:15     | Entered Level 15 of the Dungeon
 29522 | D:15     | Noticed Agnes
 29535 | D:15     | Killed Agnes
 29746 | D:15     | Found a staircase to the Depths.
 29747 | D:15     | Noticed a fire giant
 29757 | D:15     | Killed a fire giant
 29757 | D:15     | Reached skill level 17 in Unarmed Combat
 30208 | Swamp:1  | Entered Level 1 of the Swamp
 30456 | D:15     | Bought a +1 chain mail of poison resistance for 216 gold pieces
 31071 | Swamp:1  | Noticed a thorn hunter
 31083 | Swamp:1  | Killed a thorn hunter
 31083 | Swamp:1  | Gained mutation: You regenerate magic rapidly. [demonic ancestry]
 31083 | Swamp:1  | Reached XP level 16. HP: 102/116 MP: 17/17
 33056 | Swamp:4  | Entered Level 4 of the Swamp
 33217 | Swamp:4  | Got a transparent shield
 33219 | Swamp:4  | Identified the +2 shield of Too Many Cooks {rC+ rN++ Dex-4 Stlth+} (You acquired it on level 4 of the Swamp)
 34027 | Swamp:4  | Got a dazzling demon blade
 34054 | Swamp:4  | Got an ancient platinum ring
 34094 | Swamp:4  | Noticed Aizul
 34096 | Swamp:4  | Noticed a thorn hunter
 34265 | Swamp:4  | Reached skill level 18 in Unarmed Combat
 34300 | Swamp:4  | Got a decaying rune of Zot
 34307 | Swamp:4  | Noticed Bai Suzhen
 34328 | Swamp:4  | Killed a thorn hunter
 35013 | Slime:1  | Entered Level 1 of the Pits of Slime
 35083 | Spider:1 | Entered Level 1 of the Spider Nest
 35377 | Spider:1 | Reached XP level 17. HP: 126/126 MP: 18/18
 36093 | Spider:1 | Identified the ring of Koggupte {+Blink +Fly rElec rC+ Stlth+} (You took it off a green draconian on level 4 of the Swamp)
 36149 | Spider:1 | Noticed Azrael
 36161 | Spider:1 | Killed Azrael
 37189 | Spider:2 | Identified the Collected Works on the Bewitching Traveller
 37941 | Spider:2 | Paralysed by a hornet for 1 turns
 37943 | Spider:2 | Reached skill level 10 in Fighting
 40102 | Spider:4 | Entered Level 4 of the Spider Nest
 41108 | Spider:4 | HP: 1/129 [disintegration (38)]
 41653 | Spider:4 | Reached skill level 19 in Unarmed Combat
 41656 | Spider:4 | HP: 9/193 [poisoned by a redback]
 41661 | Spider:4 | HP: 4/193 [poisoned by a redback]
 41663 | Spider:4 | HP: 1/193 [poisoned by a redback]
 41665 | Spider:4 | Succumbed to a redback's poison

Vault maps used:
D:1:      dpeg_arrival_fog, glass_columns_b, hex_tiny
D:2:      chequers_ecumenical_altar_island, first_ration,
          minmay_rat_gold_closets
D:3:      grunt_temple_overflow_lords_of_destruction
D:4:      tgw_trog, kennysheep_little_box, serial_shops, shop, uniq_robin,
          uniq_edmund
D:5:      minmay_temple_entry_statues_pillars, basic_altar,
          gup_sewer_entry_bubbles
D:6:      black_bear_nest_1, xom_redecorated
D:7:      serial_bayou, serial_bayou_pond_a, serial_bayou_shore_b,
          serial_bayou_pond_d, serial_bayou_pond_e
D:8:      grunt_dithmenos_smoke, lemuel_doored_altar,
          grunt_lair_entry_orc_guard_hut, david_nohive_1, uniq_psyche, uniq_grum
D:10:     uniq_erolcha
D:11:     hiddenorc2_lemuel, uniq_josephine
D:12:     hangedman_decor_growths, minmay_hedge_maze, minmay_bent, uniq_nessos,
          uniq_urug
D:13:     grunt_vaults_entry_tiered, basic_altar
D:14:     hangedman_abyss_or_decor_passed
D:15:     grunt_enter_depths_giant_problem, minmay_misc_feat_nine_boxes,
          uniq_agnes
Temple:   regret_index_temple_sphere_string
Lair:2:   beast_lair_carwin_large_2, nicolae_spider_entry_orb_guardian,
          uniq_harold
Lair:3:   columned_hall_lemuel, grunt_forest_small_clearings,
          grunt_megastairs_1, uniq_snorg
Lair:4:   swamp_mist_pool, minmay_lair_oklob_chamber, grunt_megastairs_2
Lair:5:   slime_dummy, basic_altar, minivault_23, serial_bayou_shore_a,
          serial_bayou_shore_b
Lair:6:   hangedman_lair_caniforms_friends, guppyfry_lair_end_dragon,
          enter_volcano_1, infiniplex_staircase_pool
Swamp:1:  evilmike_swamp_ruin_house_2, swamp_pool1
Swamp:2:  evilmike_swamp_ruin_rubble_2, swamp_pool4
Swamp:3:  evilmike_swamp_ruin_house_3, kb_tengu_band
Swamp:4:  swamp, swamp_pool1, hangedman_swamp_dais, infiniplex_staircase_pool_2,
          uniq_bai_suzhen, uniq_aizul
Spider:1: uniq_azrael
Spider:2: spider_trap
Spider:4: floodkiller_spider_rune_tomb, spider_trap
Slime:1:  cheibrodos_slime_lost_civilization_4
Orc:1:    minmay_orc_barracks
Orc:2:    grunt_orc_community_town_hall, grunt_orc_community_big_house_1,
          grunt_orc_community_big_house_1, grunt_orc_community_house_2,
          grunt_orc_community_house_1, grunt_orc_community_house_2,
          grunt_orc_community_house_1, grunt_orc_community_house_2,
          grunt_orc_community_house_3
Sewer:    sewer_minmay_treatment
Volcano:  volcano_pools

Skill      XL: |  1  2  3  4  5  6  7  8  9 10 11 12 13 14 15 16 17 |
---------------+----------------------------------------------------+-----
Unarmed Combat | 2 3 4 5 6 9 12 14 15 17 18 19 | 19.0
Shields        | 3 4 5 7 9 10 11 12 | 12.7
Armour         | 3 4 5 7 8 9 10 11 | 11.8
Dodging        | 1 2 3 6 8 9 10 11 12 | 12.2
Fighting       | 4 5 6 7 9 10 | 10.6
Stealth        | 1 3 |  3.7
Evocations     | 1 |  1.6

Action                   |  1- 3 |  4- 6 |  7- 9 | 10-12 | 13-15 | 16-18 || total
-------------------------+-------+-------+-------+-------+-------+-------++-------
Melee: Unarmed           |   168 |   337 |   667 |   936 |  1596 |  1256 ||  4960
       Kick              |    39 |    85 |   222 |   351 |   720 |   519 ||  1936
Throw: Throwing net      |       |       |     1 |       |       |       ||     1
Invok: Potion Petition   |       |       |     1 |       |       |     1 ||     2
       Call Merchant     |       |       |       |     1 |     3 |       ||     4
Evoke: Wand              |       |       |       |     8 |     2 |     4 ||    14
       Fan of gales      |       |       |       |       |       |     1 ||     1
  Use: Potion            |       |     3 |     6 |     6 |     9 |    11 ||    35
       Scroll            |       |       |     8 |    12 |    14 |    20 ||    54
 Stab: Sleeping          |       |       |     6 |    24 |    36 |    17 ||    83
       Distracted        |       |       |     1 |     6 |    19 |    23 ||    49
       Paralysed         |       |       |       |     8 |       |       ||     8
       Petrified         |       |       |       |       |     3 |       ||     3
  Eat: Chunk             |     2 |     7 |     8 |       |       |       ||    17
       Ration            |       |       |     3 |     8 |    14 |    10 ||    35
Armor: Scale mail        |    20 |       |   116 |   173 |   284 |       ||   593
       Plate armour      |    96 |   205 |   219 |       |       |       ||   520
       Chain mail        |       |       |       |       |     8 |   184 ||   192
       Steam dragon scal |       |       |       |       |       |   100 ||   100
Dodge: Dodged            |    24 |    29 |   204 |   337 |   677 |  1209 ||  2480
Block: Shield            |   102 |   139 |   381 |   589 |  1062 |  1150 ||  3423

Table legend:
 A = Spawn XP
 B = Non-spawn XP
 C = Spawn XP percentage of total XP
 D = Spawn monster count
 E = Non-spawn monster count
 F = Spawn count percentage of total count
 G = Total turns spent on level
                    A         B        C        D         E        F      G
               +---------+---------+-------+---------+---------+-------+---------
         Total |       0 |  285612 |   0.0 |       0 |    1328 |   0.0 | 41665
               +---------+---------+-------+---------+---------+-------+---------
           D:1 |       0 |      27 |   0.0 |       0 |      15 |   0.0 |   788
           D:2 |       0 |      72 |   0.0 |       0 |      19 |   0.0 |  1225
           D:3 |       0 |     448 |   0.0 |       0 |      47 |   0.0 |  1477
           D:4 |       0 |     498 |   0.0 |       0 |      27 |   0.0 |   938
           D:5 |       0 |     782 |   0.0 |       0 |      25 |   0.0 |   956
           D:6 |       0 |     960 |   0.0 |       0 |      30 |   0.0 |   821
           D:7 |       0 |    2317 |   0.0 |       0 |      24 |   0.0 |  1415
           D:8 |       0 |    4686 |   0.0 |       0 |      54 |   0.0 |  2005
           D:9 |       0 |     915 |   0.0 |       0 |      24 |   0.0 |   952
          D:10 |       0 |    6904 |   0.0 |       0 |      43 |   0.0 |  1579
          D:11 |       0 |    6959 |   0.0 |       0 |      83 |   0.0 |  1982
          D:12 |       0 |   10300 |   0.0 |       0 |      44 |   0.0 |  1780
          D:13 |       0 |   13271 |   0.0 |       0 |      56 |   0.0 |  1066
          D:14 |       0 |    8937 |   0.0 |       0 |      33 |   0.0 |   769
          D:15 |       0 |   11419 |   0.0 |       0 |      28 |   0.0 |   647
        Lair:1 |       0 |    2562 |   0.0 |       0 |      11 |   0.0 |   878
        Lair:2 |       0 |    6807 |   0.0 |       0 |      24 |   0.0 |  1112
        Lair:3 |       0 |    7240 |   0.0 |       0 |      29 |   0.0 |   930
        Lair:4 |       0 |    6313 |   0.0 |       0 |      30 |   0.0 |  1163
        Lair:5 |       0 |    5294 |   0.0 |       0 |      21 |   0.0 |  1003
        Lair:6 |       0 |   27007 |   0.0 |       0 |     105 |   0.0 |  1974
       Swamp:1 |       0 |   10634 |   0.0 |       0 |      19 |   0.0 |   848
       Swamp:2 |       0 |    4065 |   0.0 |       0 |      14 |   0.0 |   877
       Swamp:3 |       0 |    9063 |   0.0 |       0 |      20 |   0.0 |   749
       Swamp:4 |       0 |   36687 |   0.0 |       0 |      67 |   0.0 |  1839
      Spider:1 |       0 |   16033 |   0.0 |       0 |      54 |   0.0 |  1711
      Spider:2 |       0 |   27311 |   0.0 |       0 |      71 |   0.0 |  2574
      Spider:3 |       0 |   19785 |   0.0 |       0 |      59 |   0.0 |  1818
      Spider:4 |       0 |   14222 |   0.0 |       0 |      42 |   0.0 |   479
         Orc:1 |       0 |    5139 |   0.0 |       0 |      56 |   0.0 |  1847
         Orc:2 |       0 |   15163 |   0.0 |       0 |      99 |   0.0 |  2096
         Sewer |       0 |     332 |   0.0 |       0 |      48 |   0.0 |   942
       Volcano |       0 |    3460 |   0.0 |       0 |       7 |   0.0 |   359
               +---------+---------+-------+---------+---------+-------+---------
